 Dungeon Crawl Stone Soup version 0.31.0-11-ge490571c62 (webtiles) character file.

Game seed: 6701099121295461632

97 qw the Shooter (level 4, 0/25 HPs)
             Began as a Deep Elf Hunter on Feb 4, 2024.
             Slain by a scorpion (6 damage)
             ... on level 4 of the Dungeon.
             The game lasted 00:00:09 (2478 turns).

qw the Shooter (Deep Elf Hunter)                    Turns: 2478, Time: 00:00:10

Health: 0/25       AC:  6    Str: 10    XL:     4   Next: 42%
Magic:  6/6        EV: 11    Int: 14    God:
Gold:   128        SH:  5    Dex: 18    Spells: 3/3 levels left

rFire   . . .        a - +0 shortbow (flame)
rCold   . . .        (shield currently unavailable)
rNeg    . . .        j - +0 ring mail
rPois   .            b - +0 helmet
rElec   .            (no cloak)
rCorr   .            (no gloves)
SInv    .            (no boots)
Will    .....        h - amulet of reflection
Stlth   +            (no ring)
HPRegen 0.24/turn    (no ring)
MPRegen 0.10/turn

%: reflection
@: about to teleport, hasted, very quick
A: no striking features
a: no special abilities


You were on level 4 of the Dungeon.
You visited 1 branch of the dungeon, and saw 4 of its levels.

You collected 128 gold pieces.


   Skills:
 - Level 1.5 Fighting
 + Level 7.8 Ranged Weapons
 - Level 2.4 Dodging
 - Level 1.2 Stealth


You had 3 spell levels left.
You didn't know any spells.
Your spell library was empty.

Inventory:

Hand Weapons
 a - a +0 shortbow of flaming (weapon)
Armour
 b - a +0 helmet (worn)
 j - a +0 ring mail (worn)
Jewellery
 h - an amulet of reflection (around neck)
Wands
 f - a wand of charming (6)
Potions
 d - 2 potions of cancellation
 i - a potion of curing
 l - a potion of haste

Dungeon Overview and Level Annotations

Branches:
Dungeon (4/15)
 Temple: D:4-7

Altars:

Annotations:
D:4 Grinder


Message History

You shoot an arrow. The arrow completely misses Grinder.
You shoot an arrow.
The arrow hits Grinder but does no damage.
You shoot an arrow. The arrow closely misses Grinder.
Grinder says, "Just stop there for a second..."
You shoot an arrow. The arrow hits Grinder.
The arrow burns Grinder.
Grinder is lightly wounded.
You shoot an arrow. The arrow hits Grinder.
The arrow burns Grinder.
Grinder is moderately wounded.
You shoot an arrow. The arrow closely misses Grinder.
Grinder closely misses you.
You shoot an arrow.
The arrow hits Grinder but does no damage.
Grinder is moderately wounded.
A scorpion comes into view.
Grinder blinks!
You shoot an arrow.
The arrow hits the scorpion but does no damage.
You shoot an arrow. The arrow hits Grinder!
The arrow burns Grinder.
Grinder is heavily wounded.
You shoot an arrow. The arrow barely misses Grinder.
Grinder gestures at you.
You suddenly lose the ability to move!
Grinder hits you but does no damage.
The scorpion stings you but does no damage.
Grinder hits you.
You writhe in agony.
The scorpion stings you. Grinder gestures at you.
You shrug off the repeated paralysis!
The scorpion stings you but does no damage.
You can move again.
You shoot an arrow.
The arrow hits Grinder but does no damage.
Grinder is heavily wounded.
Grinder hits you.
You writhe in agony.
The scorpion stings you but does no damage.
2478 ||| READING scroll of teleportation.
As you read the scroll of teleportation, it crumbles to dust.
You feel strangely unstable.
Grinder blinks!
The scorpion stings you.
You die...

.#. ... .. ..
###. ...
#ยค####.##.
#.@s......
#..............
#.####.5....###
########


You could see Grinder and a scorpion.

Vanquished Creatures
  Robin (D:2)
  An adder (D:3)
  4 dart slugs
  2 ribbon worms (D:3)
  6 bats
  5 endoplasms
  2 giant cockroaches
  14 goblins
  6 hobgoblins
  3 quokkas (D:1)
  7 ball pythons
  3 frilled lizards
  3 kobolds
  3 rats
60 creatures vanquished.

Notes
Turn   | Place    | Note
-------+----------+-------------------------------------------
     0 | D:1      | qw the Deep Elf Hunter began the quest for the Orb.
     0 | D:1      | Reached XP level 1. HP: 12/12 MP: 3/3
     0 | D:1      | 0 ||| qw: Version: 0.3-a-160-g6735b56
     0 | D:1      | 0 ||| qw: Game counter: 4367
     0 | D:1      | 0 ||| qw: Melee chars always use a shield: true
     0 | D:1      | 0 ||| qw: God list: Okawaru
     0 | D:1      | 0 ||| qw: Allow faded altars: false
     0 | D:1      | 0 ||| qw: Do Orc after clearing Dungeon:15 true
     0 | D:1      | 0 ||| qw: Do second Lair branch before Depths: true
     0 | D:1      | 0 ||| qw: Lair rune preference: random
     0 | D:1      | 0 ||| qw: Goals: Normal
     0 | D:1      | 0 ||| PLANNING D:1-11
   180 | D:1      | Reached skill level 6 in Ranged Weapons
   180 | D:1      | Reached XP level 2. HP: 16/16 MP: 4/4
   643 | D:1      | Reached XP level 3. HP: 20/20 MP: 5/5
   896 | D:1      | 896 ||| UPGRADING to amulet of reflection.
   901 | D:1      | 901 ||| READING scroll labelled SAREATAOCEU.
   902 | D:1      | 902 ||| READING scroll labelled TIAZUOZ SUAMUGG.
   906 | D:1      | 906 ||| READING 7 scrolls labelled LAOVECLUENU.
   906 | D:1      | 906 ||| IDENTIFYING brown potion
   907 | D:1      | 907 ||| READING 6 scrolls of identify.
   907 | D:1      | 907 ||| IDENTIFYING bubbling clear potion
   908 | D:1      | 908 ||| READING 5 scrolls of identify.
   908 | D:1      | 908 ||| IDENTIFYING metallic coppery potion
   909 | D:1      | 909 ||| READING 4 scrolls of identify.
   909 | D:1      | 909 ||| IDENTIFYING red potion
   910 | D:1      | 910 ||| READING 3 scrolls of identify.
   910 | D:1      | 910 ||| IDENTIFYING 2 fizzy ruby potions
   911 | D:1      | 911 ||| READING 2 scrolls of identify.
   911 | D:1      | 911 ||| IDENTIFYING scroll labelled TOLEID NULOFE
   912 | D:1      | 912 ||| READING scroll of brand weapon.
   912 | D:1      | 912 ||| BRANDING +0 shortbow.
   913 | D:1      | 913 ||| DROPPING scroll of butterflies.
   914 | D:1      | 914 ||| DROPPING potion of lignification.
   915 | D:1      | 915 ||| DROPPING potion of invisibility.
   955 | D:2      | Noticed Robin
   965 | D:2      | Killed Robin
   966 | D:2      | Reached skill level 7 in Ranged Weapons
   966 | D:2      | 966 ||| FLEEEEING.
   967 | D:2      | 967 ||| FLEEEEING.
   968 | D:2      | 968 ||| FLEEEEING.
   969 | D:2      | 969 ||| FLEEEEING.
   970 | D:2      | 970 ||| FLEEEEING.
   971 | D:2      | 971 ||| FLEEEEING.
   972 | D:2      | 972 ||| FLEEEEING.
   973 | D:2      | 973 ||| FLEEEEING.
   974 | D:2      | 974 ||| FLEEEEING.
   975 | D:2      | 975 ||| FLEEEEING.
   976 | D:2      | 976 ||| FLEEEEING.
   977 | D:2      | 977 ||| FLEEEEING.
   978 | D:2      | 978 ||| FLEEEEING.
   979 | D:2      | 979 ||| FLEEEEING.
   980 | D:2      | 980 ||| FLEEEEING.
   981 | D:2      | 981 ||| FLEEEEING.
   982 | D:2      | 982 ||| FLEEEEING.
   983 | D:2      | 983 ||| FLEEEEING.
   984 | D:2      | 984 ||| STAIRDANCE
   996 | D:2      | 996 ||| STAIRDANCE
  1410 | D:2      | Reached XP level 4. HP: 25/25 MP: 6/6
  1761 | D:2      | 1761 ||| UPGRADING to +0 helmet.
  1766 | D:2      | 1766 ||| READING 3 scrolls of identify.
  1766 | D:2      | 1766 ||| IDENTIFYING scroll labelled TOBUNN XUAREM
  1767 | D:2      | 1767 ||| DROPPING scroll of poison.
  2430 | D:3      | 2430 ||| UPGRADING to +0 ring mail.
  2440 | D:3      | 2440 ||| DROPPING +0 leather armour.
  2441 | D:3      | 2441 ||| READING 2 scrolls of identify.
  2441 | D:3      | 2441 ||| IDENTIFYING glowing brown potion
  2442 | D:3      | 2442 ||| READING scroll of identify.
  2442 | D:3      | 2442 ||| IDENTIFYING scroll labelled NEIF DOAMPEIM
  2443 | D:3      | 2443 ||| DROPPING potion of magic.
  2444 | D:3      | 2444 ||| DROPPING scroll of fear.
  2460 | D:4      | Noticed Grinder
  2461 | D:4      | 2461 ||| DRINKING 2 potions of haste.
  2468 | D:4      | Noticed a scorpion
  2471 | D:4      | Paralysed by Grinder for 5 turns
  2477 | D:4      | HP: 6/25 [Grinder (5)]
  2478 | D:4      | 2478 ||| READING scroll of teleportation.
  2478 | D:4      | Slain by a scorpion

Levels and vault maps discovered:
D:1:      roderic_chinese_lattice_arrival, layout_basic
D:2:      layout_basic, serial_forest, infiniplex_forest_end_3,
          infiniplex_forest_end_2, infiniplex_forest_end_1,
          infiniplex_forest_end_2, infiniplex_forest_diagonal,
          infiniplex_forest_clump_diagonal, infiniplex_forest_lined_ring,
          infiniplex_forest_end_3, infiniplex_forest_pool,
          kennysheep_generic_room_10, uniq_robin
D:3:      layout_basic, supply_closet_lemuel, st_stairs_8
D:4:      layout_loops_ring, kennysheep_little_box, kiku_gazebo_pond_becter,
          nicolae_overflow_crystal_walls, serial_park_tiny_1,
          nicolae_grassy_gnolls, uniq_sigmund, uniq_grinder

Skill      XL: |  1  2  3 |
---------------+----------+-----
Ranged Weapons | 6 7 |  7.8
Fighting       | |  1.5
Dodging        | |  2.4
Stealth        | |  1.2

Action                     |  1- 3 |  4- 6 || total
---------------------------+-------+-------++-------
   Fire: Shortbow          |    94 |    38 ||   132
    Use: Scroll            |     9 |     4 ||    13
         Potion            |       |     1 ||     1
 Armour: Leather armour    |     9 |       ||     9
         Ring mail         |       |     8 ||     8
  Dodge: Dodged            |    11 |     1 ||    12

Table legend:
 A = Non-vault XP
 B = Vault XP
 C = Vault XP percentage of total XP
 D = Non-vault monster count
 E = Vault monster count
 F = Vault count percentage of total count
                 A         B        C        D         E       F
            +---------+---------+-------+---------+---------+-------
      Total |      99 |      40 |  28.8 |      45 |      15 |  25.0
            +---------+---------+-------+---------+---------+-------
        D:1 |      43 |       2 |   4.4 |      24 |       1 |   4.0
        D:2 |      16 |      37 |  69.8 |       9 |      13 |  59.1
        D:3 |      40 |       1 |   2.4 |      12 |       1 |   7.7
            +---------+---------+-------+---------+---------+-------
